 Seeded DCSS version 0.30-a0-1160-g6e42c06551 (webtiles) character file.

Game seed: 20230426 (custom seed)

38 a11behringer the Ruffian (level 3, -3/29 HPs)
             Began as a Draconian Transmuter on Apr 26, 2023.
             Slain by a gnoll
             ... wielding a +0 flail
              (9 damage)
             ... on level 2 of the Dungeon.
             The game lasted 00:03:48 (1122 turns).

a11behringer the Ruffian (Draconian Transmuter)     Turns: 1122, Time: 00:03:49

Health: -3/29      AC:  5    Str: 12    XL:     3   Next: 25%
Magic:  4/6        EV: 12    Int: 15    God:
Gold:   70         SH:  0    Dex: 11    Spells: 5/6 levels left

rFire   . .          .
                       - Unarmed
rCold   . . .        (no shield)
rNeg    . . .        (body armour unavailable)
rPois   .            (helmet currently unavailable)
rElec   .            (no cloak)
rCorr   .            (no gloves)
SInv    .            i - melded +0 pair of boots
Will    .....        (no amulet)
Stlth   +            (no ring)
HPRegen 0.24/turn    (no ring)
MPRegen 0.10/turn

%: no passive effects
@: appendages (expiring)
A: horns 2, talons 2, AC +5, unfitting armour, cold-blooded
a: End Transformation


You were on level 2 of the Dungeon.
You had temporarily grown beastly horns and talons.
You visited 1 branch of the dungeon, and saw 2 of its levels.

You collected 70 gold pieces.

Inventory:

Armour
 i - a +0 pair of boots (melded)
Scrolls
 b - 2 scrolls of enchant armour {unknown}
 d - a scroll of immolation {unknown}
 e - a scroll of butterflies {unknown}
 g - a scroll of silence {unknown}
 k - a scroll of noise {unknown}
Potions
 a - 2 potions of lignification
 c - a potion of might {unknown}
 f - a potion of degeneration {unknown}
 h - a potion of haste {unknown}
 j - a potion of heal wounds {unknown}


   Skills:
 + Level 1.7 Fighting
 + Level 2.1 Dodging
 + Level 3.2 Unarmed Combat
 + Level 2.2 Spellcasting
 * Level 2.7 Transmutations


You had 5 spell levels left.
You knew the following spells:

 Your Spells              Type           Power      Damage    Failure   Level
a - Beastly Appendage     Tmut           18%        N/A       7%          1

Your spell library contained the following spells:

 Spells                   Type           Power      Damage    Failure   Level
 Wereblood                Tmut           9%         N/A       11%         2
 Shock                    Conj/Air       4%         1d3       22%         1
 Spider Form              Tmut/Pois      5%         N/A       36%         3
 Swiftness                Air            1%         N/A       54%         3
 Ice Form                 Ice/Tmut       5%         N/A       77%         4
 Airstrike                Air            0%         2d(1-17)  91%         4


Dungeon Overview and Level Annotations

Branches:
Dungeon (2/15)

Altars:

Shops:
D:1 !(:((


Innate Abilities, Weirdness & Mutations

You have temporarily grown beastly horns and talons.
Your plain brown scales are hard. (AC +5)
You cannot fit into any form of body armour.
You are cold-blooded and may be slowed by cold attacks.


Message History

The gnoll barely misses you. The gnoll hits you with a +0 whip.
You hit the gnoll.
The gnoll is moderately wounded.
The gnoll barely misses you. The gnoll hits you with a +0 whip!
The gnoll barely misses you.
You are too injured to fight recklessly!
The gnoll attacks as you move away! The gnoll closely misses you.
The gnoll attacks as you move away! The gnoll hits you with a +0 whip.
The gnoll attacks as you move away! The gnoll hits you with a +0 flail.
Casting: Beastly Appendage (safe; 9% risk of failure)
Confirm with . or Enter, or press ? or * to list all spells.
You grow a pair of large bovine horns.
Your feet morph into talons.
Your +0 pair of boots melds into your body.
The gnoll hits you with a +0 whip.
* * * LOW HITPOINT WARNING * * *
You hit the gnoll. Your headbutt misses the gnoll.
The gnoll is severely wounded.
You barely miss the gnoll. You claw the gnoll.
You kill the gnoll!
You have reached level 3!
Your experience leads to an increase in your attributes!
Increase (S)trength, (I)ntelligence, or (D)exterity?
You feel clever. x2; Your scales feel tougher.
You hit the gnoll.
You tail-slap the gnoll, but do no damage.
The gnoll is heavily wounded.
The gnoll misses you.
You barely miss the gnoll.
The gnoll is heavily wounded.
The gnoll barely misses you.
You barely miss the gnoll. You claw the gnoll. You tail-slap the gnoll.
The gnoll is almost dead.
Your transformation is almost over.
The gnoll hits you with a +0 whip.
* * * LOW HITPOINT WARNING * * *
You hit the gnoll but do no damage. You claw the gnoll.
You kill the gnoll!
You hit the gnoll but do no damage. You claw the gnoll, but do no damage.
The gnoll hits you with a +0 flail!
You die...

#####.# #.....# #.....#
#....# #.....# #....#
######..?..## #....#
#....#...... .....#
#....#.....### #....#
#....#.#.....#
#....#####....#.##.##.#####.
................@g...>......
##########....#.###...######
.................#....#
##########....#..#....#
#.............#..#....#
#.###########.#..#....#
....#.. #.#..#....# #.#.#.#
#.#..#....# #...#.# #.#..#


You could see a gnoll.

Vanquished Creatures
  2 gnolls (D:2)
  2 endoplasms (D:2)
  2 goblins
  2 hobgoblins (D:1)
  3 quokkas (D:1)
  A ball python (D:1)
  A bat (D:2)
  2 frilled lizards (D:1)
  4 kobolds
  A rat (D:1)
20 creatures vanquished.

Notes
Turn   | Place    | Note
-------+----------+-------------------------------------------
     0 | D:1      | a11behringer the Draconian Transmuter began the quest for
                  | the Orb.
     0 | D:1      | Reached XP level 1. HP: 16/16 MP: 3/3
    38 | D:1      | Found Bozxarr's Book Shoppe.
   182 | D:1      | Found Fuwes's Antique Weapon Shop.
   200 | D:1      | Reached XP level 2. HP: 19/23 MP: 5/5
   223 | D:1      | Found Ficzuf's Distillery.
   407 | D:1      | Found Irghinawo's Weapon Shop.
   467 | D:1      | Found Nuip's Weapon Emporium.
  1118 | D:2      | Reached XP level 3. HP: 5/28 MP: 4/6
  1122 | D:2      | Slain by a gnoll

Illustrated notes

Levels and vault maps discovered:
D:1:      kennysheep_arrival_seaside, layout_loops_ring, serial_shops, shop,
          shop, nicolae_shop_bloodbath_and_beyond,
          nicolae_shop_tiny_statue_garden, shop, corexii_corridor_pit
D:2:      layout_basic, uniq_terence, uniq_sigmund

Skill      XL: |  1  2 |
---------------+-------+-----
Dodging        | 2 |  2.1
Fighting       | |  1.7
Unarmed Combat | |  3.2
Spellcasting   | |  2.2
Transmutations | |  2.7

Action                     || total
---------------------------++-------
  Melee: Unarmed           ||    65
         Tailslap          ||     6
         Kick              ||     4
         Punch             ||     1
   Cast: Beastly Appendage ||     1
   Stab: Sleeping          ||     3
 Armour: Skin              ||    12
  Dodge: Dodged            ||    39

Table legend: (Time is in decaauts)
 A = Elapsed time spent in this place.
 B = Non-inter-level travel time spent in this place.
 C = Inter-level travel time spent in this place.
 D = Time resting spent in this place.
 E = Time spent auto-exploring this place.
 F = Levels seen in this place.
 G = Mean time per level.
                   A        B        C        D        E       F      G
               +--------+--------+--------+--------+--------+-----+--------+
         Total |   1120 |    974 |    146 |      0 |    801 |   2 |  560.0 |
       Dungeon |   1120 |    974 |    146 |      0 |    801 |   2 |  560.0 |
               +--------+--------+--------+--------+--------+-----+--------+

Top non-repeatable levels by time:
     D:1: 797 daAuts
     D:2: 323 daAuts
